 Dungeon Crawl Stone Soup version 0.28-a0-819-g6ef7baa362 (webtiles) character file.

Game seed: 17240764066260099492

34 jsc133 the Ruffian (level 3, -2/36 HPs)
             Began as a Troll Monk on Nov 8, 2021.
             Killed by divine providence
             ... invoked by an orc priest
              (13 damage)
             ... on level 4 of the Dungeon.
             The game lasted 00:04:56 (478 turns).

jsc133 the Ruffian (Troll Monk)                      Turns: 478, Time: 00:04:57

Health: -2/36      AC:  4    Str: 20    XL:     3   Next: 14%
Magic:  2/2        EV: 10    Int:  6    God:
Gold:   42         SH:  0    Dex: 12    Spells: 2/2 levels left

rFire   . . .      SeeInvis +   e - +1 short sword (holy)
rCold   . . .      Faith    .   (no shield)
rNeg    . . .      Spirit   .   a - +0 robe
rPois   .          Reflect  .   (helmet restricted)
rElec   .          Harm     .   (no cloak)
rCorr   .          Rampage  .   (gloves unavailable)
Will    .....                   (boots unavailable)
Stlth   ++........              (no amulet)
HPRegen 1.12/turn               c - ring of see invisible
MPRegen 0.08/turn               (no ring)

@: no status effects
A: large, unfitting armour, claws 3, regeneration 1, shaggy fur 1, tough skin 1
a: no special abilities


You were on level 4 of the Dungeon.
You visited 1 branch of the dungeon, and saw 4 of its levels.

You collected 42 gold pieces.

Inventory:

Hand Weapons
 e - a +1 short sword of holy wrath (weapon)
Armour
 a - a +0 robe (worn)
Jewellery
 c - a ring of see invisible (left claw)
Scrolls
 b - a scroll of silence {unknown}
 d - a scroll of acquirement {unknown}


   Skills:
 + Level 2.7 Fighting
 + Level 0.3 Short Blades
 + Level 2.7 Dodging
 + Level 1.0 Stealth
 + Level 3.5 Unarmed Combat


You had 2 spell levels left.
You didn't know any spells.
Your spell library was empty.

Dungeon Overview and Level Annotations

Branches:
Dungeon (4/15)
 Temple: D:4-7

Altars:

Shops:
D:3 =


Innate Abilities, Weirdness & Mutations

You are too large for most types of armour.
You have claws for hands.
Your natural rate of healing is unusually fast.
You are covered in fur. (AC +1)
You have tough skin. (AC +1)


Message History

The orc priest shouts!
You hear a shout!
An orc comes into view. It is wielding a +0 falchion.
You hear a shout!
The orc shouts!
You hear an angry growl.
The orc priest mumbles some strange prayers to Beogh against you.
Beogh smites you!
An orc comes into view. It is wielding a +0 club.
A black bear comes into view.
You hit the orc.
The orc is almost dead.
The orc barely misses you.
You hit the orc.
You kill the orc!
You hit the orc priest but do no damage.
The orc priest completely misses you.
You completely miss the orc priest. The orc priest misses you.
You hit the orc priest but do no damage.
The orc priest hits you with a +0 hand axe.
You hit the orc priest but do no damage.
The orc priest hits you with a +0 hand axe!
You hit the orc priest.
The orc priest is lightly wounded.
The orc priest calls down the wrath of Beogh upon you.
Beogh smites you!
You hit the orc priest.
The orc priest is heavily wounded.
The orc priest hits you with a +0 hand axe.
You barely miss the orc priest.
The orc priest is heavily wounded.
The orc priest closely misses you.
The orc priest mumbles some strange prayers to Beogh against you.
Beogh smites you!
The orc priest calls down the wrath of Beogh upon you.
Pain shoots through your body!
* * * LOW HITPOINT WARNING * * *
The orc priest looks satisfied for a moment.
The orc priest looks braver for a moment.
The orc priest calls down the wrath of Beogh upon you.
Beogh smites you!
You die...

#.# #.#
#.# #.#
#.# #.#
#.#
#######.#
#oo....@#
#h#######
h... #.#
... #o#
... #h#


oo. #.# #.# #.# #.# #.# #.########.# You could see a black bear, an orc priest
and an orc.

Vanquished Creatures
  An adder (D:3)
  2 dart slugs
  2 orcs
  2 endoplasms
  A giant cockroach (D:2)
  A goblin (D:1)
  A hobgoblin (D:1)
  2 jackals (D:1)
  2 quokkas (D:1)
  3 kobolds
17 creatures vanquished.

Notes
Turn   | Place    | Note
-------+----------+-------------------------------------------
     0 | D:1      | jsc133 the Troll Monk began the quest for the Orb.
     0 | D:1      | Reached XP level 1. HP: 22/22 MP: 0/0
   185 | D:1      | Reached XP level 2. HP: 21/29 MP: 1/1
   272 | D:3      | Found Ugyihonu's Jewellery Shop.
   328 | D:3      | Reached XP level 3. HP: 23/36 MP: 2/2
   442 | D:4      | Noticed a black bear
   478 | D:4      | Killed from afar by an orc priest

Illustrated notes

Levels and vault maps discovered:
D:1:      dpeg_arrival_more_subterranean_lakeside_camping, layout_basic
D:2:      layout_loops_ring, basic_altar
D:3:      layout_loops_ring, serial_shops, shop_fountains, st_stairs_12
D:4:      layout_basic, mainiacjoe_overflow_surrounded_room, serial_shops,
          shop_statue, uniq_pikel, uniq_grinder

Action                   || total
-------------------------++-------
Melee: Unarmed           ||     7
       Short sword       ||    40
Armor: Robe              ||    14
Dodge: Dodged            ||    46

Table legend: (Time is in decaauts)
 A = Elapsed time spent in this place.
 B = Non-inter-level travel time spent in this place.
 C = Inter-level travel time spent in this place.
 D = Time resting spent in this place.
 E = Time spent auto-exploring this place.
 F = Levels seen in this place.
 G = Mean time per level.
                   A        B        C        D        E       F      G
               +--------+--------+--------+--------+--------+-----+--------+
         Total |    488 |    488 |      0 |      0 |      0 |   4 |  122.0 |
       Dungeon |    488 |    488 |      0 |      0 |      0 |   4 |  122.0 |
               +--------+--------+--------+--------+--------+-----+--------+

Top non-repeatable levels by time:
     D:1: 205 daAuts
     D:3: 104 daAuts
     D:4: 103 daAuts
     D:2: 74 daAuts
